 Dungeon Crawl Stone Soup version 0.22-a0-299-g43f9854 (webtiles) character file.

40213 Amnesiac the Nimble (level 14, -1/90 HPs)
             Began as a Tengu Air Elementalist on Mar 26, 2018.
             Was a High Priest of Vehumet.
             Killed from afar by a manticore (20 damage)
             ... with a volley of spikes
             ... summoned by Kirke
             ... while paralysed by a sphinx
             ... on level 12 of the Dungeon.
             The game lasted 00:41:55 (20815 turns).

Amnesiac the Nimble (Tengu Air Elementalist)       Turns: 20815, Time: 00:41:56

Health: -1/90      AC:  0    Str:  6    XL:     14   Next: 10%
Magic:  6/27       EV:  3    Int: 20    God:    Vehumet [*****.]
Gold:   381        SH:  0    Dex: 16    Spells: 12/29 levels left

rFire    . . .     SeeInvis .   (weapon currently unavailable)
rCold    . . .     Gourm    +   (shield currently unavailable)
rNeg     . . .     Faith    .   (armour currently unavailable)
rPois    .         Spirit   .   (helmet currently unavailable)
rElec    .         Reflect  .   (cloak currently unavailable)
rCorr    .         Harm     .   (gloves currently unavailable)
MR       +....                  (boots unavailable)
Stlth    ++........             A - amulet of the gourmand
HPRegen  0.25/turn              (ring currently unavailable)
MPRegen  0.20/turn              (ring currently unavailable)

@: paralysed, pig-form, barbed spikes, flying quickly and evasively, slowed,
very quick
A: small, weak 1, able to fly 2
a: Stop Flying, Renounce Religion


You were on level 12 of the Dungeon.
You worshipped Vehumet.
Vehumet was extremely pleased with you.
You were full.
You were a filthy swine.
You visited 2 branches of the dungeon, and saw 14 of its levels.

You collected 1769 gold pieces.
You spent 1388 gold pieces at shops.

Inventory:

Hand Weapons
 y - the +0 short sword of Unpleasantness {pierce, rF+ rC+ Int+6 Dex-4}
   (You found it on level 5 of the Dungeon)

   It inflicts extra damage upon your enemies.
   It affects your intelligence (+6).
   It affects your dexterity (-4).
   It protects you from fire.
   It protects you from cold.
Missiles
 o - 47 poisoned needles
 D - 3 throwing nets (quivered)
Armour
 p - a +2 cloak (melded)
 x - a +2 hat of see invisible (melded)
 M - a +0 pair of gloves (melded)
 O - a +2 robe of resistance (melded)
 Q - a +2 shield (melded)
Magical Staves
 a - an uncursed staff of air (melded)
Jewellery
 n - a +4 ring of protection (melded)
 q - a +4 ring of protection (melded)
 A - an amulet of the gourmand (around neck)
 K - the ring of Erore {rN+ MP-9 Int+8 Stlth+, unknown}
   (You found it on level 11 of the Dungeon)

   [ring of stealth]

   It affects your intelligence (+8).
   It protects you from negative energy.
   It affects your magic capacity (-9).
   It makes you more stealthy.
Wands
 t - a wand of polymorph (8)
 G - a wand of iceblast (10)
 H - a wand of paralysis (23)
Scrolls
 b - a scroll of magic mapping {!r}
 e - 4 scrolls of remove curse {!r}
 j - 4 scrolls of teleportation {!r}
 k - a scroll of amnesia {!r}
 r - 2 scrolls of fog {!r, unknown}
 s - a scroll of immolation {!r, unknown}
 z - 2 scrolls of torment {!r}
 C - a scroll of enchant armour {!r, unknown}
 F - 3 scrolls of noise {!r, unknown}
 I - 3 scrolls of fear {!r, unknown}
 J - a scroll of vulnerability {!r, unknown}
 N - a scroll of summoning {!r, unknown}
Potions
 f - 2 potions of might {!q}
 g - a potion of berserk rage {!q}
 h - 2 potions of lignification {!q}
 i - 3 potions of haste {!q}
 l - 3 potions of brilliance {!q}
 m - 2 potions of invisibility {!q, unknown}
 u - 2 potions of heal wounds {!q}
 v - 3 potions of curing {!q}
 w - 4 potions of flight {!q}
 B - a potion of agility {!q}
 E - 2 potions of mutation {!q}
Comestibles
 c - 28 rations
 d - 2 chunks of flesh


   Skills:
 + Level 11.1 Fighting
 - Level 4.0 Staves
 + Level 12.0 Dodging
 - Level 2.0 Stealth
 + Level 11.1 Shields
 - Level 8.0 Spellcasting
 - Level 1.3 Conjurations
 - Level 8.4 Air Magic
 - Level 10.1 Evocations


You had 12 spell levels left.
You knew the following spells:

 Your Spells              Type           Power        Failure   Level  Hunger
a - Airstrike             Air            #####.....   1%          4    ###....
c - Swiftness             Chrm/Air       ###.....     2%          2    None
d - Lightning Bolt        Conj/Air       ####......   9%          5    #####..
e - Mephitic Cloud        Conj/Pois/Air  ###.....     1%          3    None
r - Regeneration          Chrm/Necr      #.........   26%         3    None


Dungeon Overview and Level Annotations

Branches:
Dungeon (12/15)            Temple (0/1) D:4            Lair (0/6) D:10
    Orc (2/2) D:9             Elf (0/3) Orc:2

Altars:
Ashenzari
Cheibriados
Fedhas
Gozag
Kikubaaqudgha
Nemelex Xobeh
Okawaru
Qazlal
Ru
Sif Muna
Trog
Uskayaw
Vehumet
Wu Jian
Xom
Yredelemnul
The Shining One
Beogh

Shops:
Orc:2 =?[*}

Portals:
Pandemonium: Orc:2

Annotations:
D:12 Fannar; Frances; Kirke; Nib's ghost, journeyman DsGl


Innate Abilities, Weirdness & Mutations

((You have a beak for a mouth.))
((You have claws for feet.))
You can fly continuously.
((Your flesh is cold resistant. (rC+)))
((Your flesh is heat resistant. (rF+)))
You are weak. (Str -2)


Message History

Unknown command.
Casting: Lightning Bolt (slightly dangerous; 13% risk of failure)
Confirm with . or Enter, or press ? or * to list all spells.
You don't have enough magic to cast that spell.
Throwing (i - inventory)
D - 3 throwing nets (quivered)
Press: ? - help, Shift-Dir - straight line, f - sphinx
Aim: a sphinx (summoned)
Okay, then.
You hit Kirke.
Kirke is electrocuted!
Kirke is almost dead.
The centaur shoots an arrow.
The arrow hits you.
The sphinx hits you but does no damage. x2; You block the sphinx's attack.
You block the scorpion's attack. You block Kirke's attack.
The centaur shoots an arrow.
The arrow hits you but does no damage. The manticore bites you!
The manticore claws you but does no damage.
The manticore completely misses you. The scorpion completely misses you.
The sphinx hits you. You block the sphinx's attack. x2
Kirke casts a spell at you.
You turn into a filthy swine.
You feel less perceptive.
You feel hot and cold all over.
You can't do that in your present form.
Okay, then.
A jelly comes into view.
The centaur shoots an arrow.
The arrow hits you!
* * * LOW HITPOINT WARNING * * *
The manticore bites you!
* * * LOW HITPOINT WARNING * * *
The manticore claws you!
* * * LOW HITPOINT WARNING * * *
The manticore barely misses you.
A centaur and a shadow imp come into view.
You see here an arrow.
Found a ring mail.
Really read
j - 5 scrolls of teleportation {!r}?
As you read the scroll of teleportation {!r}, it crumbles to dust.
You feel strangely unstable.
Kirke gestures wildly while chanting.
Kirke flickers and vanishes!
Deactivating autopickup; reactivate with Ctrl-A.
The manticore misses you. The manticore claws you!
* * * LOW HITPOINT WARNING * * *
The manticore barely misses you.
The sphinx casts a spell.
You struggle to resist.
The scorpion completely misses you. Something closely misses you.
The manticore completely misses you. x3
You hear some strange, mumbled words.
Something summons a lindwurm!
The scorpion completely misses you. The shadow imp misses you.
The jelly completely misses you.
Your surroundings seem slightly different.
Found 15 gold pieces.
An orc and an orc warrior come into view.
Really read
k - 2 scrolls labeled JAEMIL SADEH {!r}?
As you read the scroll labeled JAEMIL SADEH {!r}, it crumbles to dust.
It is a scroll of amnesia.
Your memory of Shock unravels.
The shadow imp grinds its teeth.
The sphinx casts a spell.
You suddenly lose the ability to move!
The manticore flicks its tail.
Helpless, you fail to dodge the volley of spikes.
The barbed spikes become lodged in your body.
You die...

.......c..#####.....
..........cc.###.....##
.......................
........HcH5...........
.........sJ.Z§.......
..........5..........
..o###o..............
..#####.......[......
..#####h.............
..#####..............
..$###...............
.....................
.............#.
............##
...........##
..........##


You could see a sphinx, a manticore, an orc warrior, 3 centaurs, a scorpion, a
jelly, 2 shadow imps, an orc and a bullfrog skeleton.

Vanquished Creatures
  Gastronok (D:11)
  A stone giant (Orc:1)
  An ettin (Orc:2)
  The ghost of TheNamelessOne the Grappler, a journeyman TrMo of Qazlal (D:11)
  The ghost of matakusis the Convoker, a journeyman DESu of Sif Muna (Orc:1)
  Erolcha (D:9)
  The ghost of vishdafish the Fighter, a novice DrSk of the Shining One (D:9)
  Urug (D:10)
  4 two-headed ogres
  5 orc high priests (Orc:2)
  Nergalle (Orc:1)
  A soul eater (Orc:2)
  A sun demon (Orc:2)
  An infernal demonspawn (Orc:2)
  A torturous demonspawn (Orc:2)
  5 orc knights
  An ugly thing (D:11)
  10 deep elf magi
  6 orc sorcerers (Orc:2)
  2 cyclopes
  A centaur zombie (D:11)
  Maurice (D:8)
  A smoke demon (Orc:2)
  Psyche (D:8)
  An ice statue (D:10)
  An orange demon (Orc:2)
  An ice devil (Orc:2)
  5 trolls
  A hornet (D:9)
  A slime creature (D:11)
  A hippogriff (D:8)
  3 wyverns (D:9)
  3 hogs (D:12)
  2 hungry ghosts
  5 wargs
  2 soldier ants (D:9)
  The ghost of CasualChangeling the Conjurer, an amateur KoCj (D:3)
  2 water moccasins
  28 orc warriors
  5 sky beasts
  An ice beast (D:10)
  A hornet zombie (D:10)
  3 black bears
  11 ogres
  A phantom (D:10)
  8 centaurs
  2 big kobolds
  8 bullfrogs
  2 gnoll sergeants (D:9)
  4 scorpions
  6 killer bees (D:10)
  6 wights
  6 howler monkeys
  4 crimson imps
  2 bullfrog zombies
  4 jellies
  2 quasits
  21 orc priests
  Crazy Yiuf (D:2)
  5 centaur skeletons
  11 hounds
  3 iguanas
  Ijyb (D:5)
  Natasha (thrice) (D:2)
  7 orc wizards
  12 worker ants
  A hound zombie (D:8)
  2 worker ant zombies
  8 gnolls
  A howler monkey skeleton (D:5)
  12 adders
  3 shadow imps
  2 oozes
  An adder zombie (D:6)
  2 adder skeletons
  5 worms
  3 dart slugs
  6 leopard geckos
  81 orcs
  8 bats
  3 giant cockroaches
  2 gnoll zombies (D:3)
  11 goblins
  11 hobgoblins
  9 jackals
  25 kobolds
  8 quokkas
  A ball python (D:6)
  2 frilled lizards
  2 quokka skeletons
  A quokka zombie (D:7)
  3 rats
  A bush (D:5)
461 creatures vanquished.

Notes
Turn   | Place    | Note
-------+----------+-------------------------------------------
     0 | D:1      | Amnesiac the Tengu Air Elementalist began the quest for the Orb.
     0 | D:1      | Reached XP level 1. HP: 10/10 MP: 4/4
    44 | D:1      | Reached XP level 2. HP: 16/16 MP: 0/6
   397 | D:1      | Reached skill level 1 in Fighting
   496 | D:1      | Reached XP level 3. HP: 20/20 MP: 1/7
   855 | D:2      | Reached skill level 5 in Air Magic
  1162 | D:2      | Found a radiant altar of Vehumet.
  1172 | D:2      | Became a worshipper of Vehumet
  1192 | D:2      | Reached XP level 4. HP: 6/25 MP: 0/9
  1290 | D:2      | Learned a level 4 spell: Airstrike
  1347 | D:2      | Gained mutation: You can fly. [Tengu growth]
  1347 | D:2      | Reached XP level 5. HP: 21/29 MP: 1/10
  1585 | D:2      | Noticed Natasha
  1594 | D:2      | Killed Natasha
  1603 | D:2      | Noticed Natasha
  1610 | D:2      | Killed Natasha
  1880 | D:2      | Found a runed door.
  1907 | D:2      | Noticed Natasha
  1919 | D:2      | Killed Natasha
  1919 | D:2      | Reached XP level 6. HP: 30/34 MP: 6/12
  1967 | D:2      | Found a deep blue altar of Sif Muna.
  1971 | D:2      | Reached * piety under Vehumet
  1971 | D:2      | Offered knowledge of Sting by Vehumet.
  2090 | D:2      | Noticed Crazy Yiuf
  2094 | D:2      | Killed Crazy Yiuf
  2152 | D:3      | Found a shimmering altar of Xom.
  2376 | D:3      | Found a snail-covered altar of Cheibriados.
  2565 | D:3      | Noticed CasualChangeling's ghost (amateur KoCj)
  2567 | D:3      | Killed CasualChangeling's ghost
  2567 | D:3      | Reached XP level 7. HP: 38/38 MP: 1/14
  2583 | D:3      | Found a basalt altar of Yredelemnul.
  2942 | D:4      | Learned a level 5 spell: Lightning Bolt
  2945 | D:4      | Learned a level 2 spell: Swiftness
  2982 | D:4      | Offered knowledge of Magic Dart by Vehumet.
  3029 | D:4      | Reached ** piety under Vehumet
  3086 | D:4      | Reached skill level 5 in Spellcasting
  3123 | D:4      | Found a staircase to the Ecumenical Temple.
  3411 | D:4      | Found a hide-covered altar of Uskayaw.
  3456 | D:5      | Entered Level 5 of the Dungeon
  3473 | D:5      | Noticed Ijyb
  3502 | D:5      | Killed Ijyb
  3566 | D:5      | Found a bloodstained altar of Trog.
  3692 | D:5      | Offered knowledge of Mephitic Cloud by Vehumet.
  3707 | D:5      | Learned a level 3 spell: Mephitic Cloud
  3953 | D:5      | Found an iron altar of Okawaru.
  3953 | D:5      | Found a shattered altar of Ashenzari.
  3992 | D:5      | Reached XP level 8. HP: 43/43 MP: 14/18
  4038 | D:5      | Found a sparkling altar of Nemelex Xobeh.
  4042 | D:5      | Got a transparent short sword
  4092 | D:5      | Identified the cursed +0 short sword of Unpleasantness {pierce, rF+ rC+ Int+6 Dex-4} (You found it on level 5 of the Dungeon)
  4099 | D:5      | Found a shattered altar of Ashenzari.
  4210 | D:5      | Reached *** piety under Vehumet
  4284 | D:5      | Found a glowing golden altar of the Shining One.
  4934 | D:6      | Found an iron altar of Okawaru.
  4975 | D:6      | Found a sacrificial altar of Ru.
  5038 | D:6      | Reached skill level 3 in Dodging
  5438 | D:7      | Found an opulent altar of Gozag.
  5445 | D:7      | Offered knowledge of Ignite Poison by Vehumet.
  5503 | D:7      | Learned a level 3 spell: Regeneration
  5538 | D:7      | Reached skill level 4 in Dodging
  5647 | D:7      | Reached XP level 9. HP: 49/49 MP: 3/22
  5677 | D:7      | Reached skill level 5 in Dodging
  6299 | D:8      | Noticed a two-headed ogre
  6304 | D:8      | Killed a two-headed ogre
  6304 | D:8      | Reached skill level 7 in Dodging
  6312 | D:8      | Noticed Psyche
  6443 | D:8      | Killed Psyche
  6443 | D:8      | Reached skill level 5 in Fighting
  6443 | D:8      | Reached skill level 8 in Dodging
  6661 | D:8      | Noticed a two-headed ogre
  6742 | D:8      | Killed a two-headed ogre
  6742 | D:8      | Reached **** piety under Vehumet
  6742 | D:8      | Reached skill level 9 in Dodging
  6742 | D:8      | Reached XP level 10. HP: 47/60 MP: 1/23
  6942 | D:8      | Found a blossoming altar of Fedhas.
  7072 | D:8      | Gained mutation: You are weak. (Str -2) [potion of mutation]
  7072 | D:8      | Gained mutation: Your flesh is heat resistant. (rF+) [potion of mutation]
  7072 | D:8      | Gained mutation: Your flesh is cold resistant. (rC+) [potion of mutation]
  7163 | D:8      | Noticed Maurice
  7178 | D:8      | Killed Maurice
  7178 | D:8      | Offered knowledge of Yara's Violent Unravelling by Vehumet.
  7178 | D:8      | Reached skill level 10 in Dodging
  7786 | D:8      | Found a stormy altar of Qazlal.
  8047 | D:9      | Identified a scroll of acquirement {!r}
  8567 | D:9      | Reached skill level 11 in Dodging
  8671 | D:9      | Reached skill level 1 in Shields
  8798 | D:9      | Noticed Erolcha
  8803 | D:9      | Killed Erolcha
  8803 | D:9      | Reached XP level 11. HP: 52/67 MP: 4/24
  8958 | D:9      | Noticed vishdafish's ghost (novice DrSk)
  8979 | D:9      | Killed vishdafish's ghost
  8979 | D:9      | Reached skill level 5 in Shields
  9092 | D:9      | Found an ornate altar of the Wu Jian Council.
  9105 | D:9      | Found a staircase to the Orcish Mines.
  9642 | D:9      | Found a stormy altar of Qazlal.
  9964 | D:9      | Noticed a cyclops
  9969 | D:9      | Killed a cyclops
 10148 | D:10     | Entered Level 10 of the Dungeon
 10157 | D:10     | Noticed a two-headed ogre
 10162 | D:10     | Killed a two-headed ogre
 10563 | D:10     | Reached skill level 1 in Staves
 10750 | D:10     | Reached ***** piety under Vehumet
 10918 | D:10     | Noticed Urug
 10947 | D:10     | Killed Urug
 11044 | D:10     | Found a staircase to the Lair.
 11049 | D:10     | Offered knowledge of Iskenderun's Battlesphere by Vehumet.
 11344 | D:10     | Reached skill level 5 in Evocations
 11846 | D:11     | Noticed TheNamelessOne's ghost (journeyman TrMo)
 11853 | D:11     | Killed TheNamelessOne's ghost
 11908 | Orc:1    | Entered Level 1 of the Orcish Mines
 11911 | Orc:1    | Reached XP level 12. HP: 72/72 MP: 4/25
 11921 | Orc:1    | Noticed matakusis's ghost (journeyman DESu)
 12030 | Orc:1    | Killed matakusis's ghost
 12393 | Orc:1    | Found a roughly hewn altar of Beogh.
 12767 | Orc:1    | Noticed a soul eater
 12786 | Orc:1    | Noticed Nergalle
 13316 | Orc:1    | Killed Nergalle
 13485 | Orc:1    | Reached skill level 10 in Evocations
 13755 | Orc:2    | Entered Level 2 of the Orcish Mines
 14525 | Orc:2    | Found a staircase to the Elven Halls.
 14737 | Orc:2    | Noticed a two-headed ogre
 14751 | Orc:2    | Noticed an ettin
 14809 | Orc:1    | Killed a two-headed ogre
 15747 | Orc:2    | Reached XP level 13. HP: 76/76 MP: 6/26
 16019 | Orc:2    | Reached skill level 10 in Shields
 16315 | Orc:2    | Found Viyh's Jewellery Emporium.
 16484 | Orc:2    | Killed an ettin
 16762 | Orc:2    | Noticed a stone giant
 16992 | Orc:1    | Killed a stone giant
 17803 | Orc:2    | Found Voxoem Biplo's General Store.
 17804 | Orc:2    | Found Usollef's Magic Scroll Boutique.
 17950 | Orc:2    | Bought a cursed amulet of inaccuracy for 26 gold pieces
 18544 | Orc:2    | Reached skill level 10 in Fighting
 19164 | Orc:2    | Found Jorchioxe's Gadget Shoppe.
 19164 | Orc:2    | Found Ucsuheank's Antique Armour Emporium.
 19164 | Orc:2    | Found a one-way gate leading to the halls of Pandemonium.
 19209 | Orc:2    | Bought a shiny shield for 210 gold pieces
 19705 | Orc:2    | Bought a +4 ring of protection for 576 gold pieces
 19705 | Orc:2    | Bought a +4 ring of protection for 576 gold pieces
 19904 | D:11     | Offered knowledge of Force Lance by Vehumet.
 20147 | D:11     | Noticed Gastronok
 20169 | D:11     | Killed Gastronok
 20169 | D:11     | Gained mutation: You can fly continuously. [Tengu growth]
 20169 | D:11     | Reached XP level 14. HP: 49/88 MP: 10/27
 20553 | D:11     | Got a twitching wooden ring
 20650 | D:12     | Noticed Nib's ghost (journeyman DsGl)
 20653 | D:12     | Noticed Frances
 20678 | D:12     | Noticed Fannar
 20686 | D:11     | Reached skill level 12 in Dodging
 20756 | D:12     | Found an ancient bone altar of Kikubaaqudgha.
 20787 | D:12     | Noticed Kirke
 20801 | D:12     | Noticed a sphinx
 20802 | D:12     | Paralysed by a sphinx for 2 turns
 20815 | D:12     | Paralysed by a sphinx for 5 turns
 20815 | D:12     | Killed from afar by a manticore

Vault maps used:
D:1:      sevenhm_arrival_forest_fort_small_5, st_stairs_13
D:2:      vehumet_crystals, lemuel_round_altar, uniq_crazy_yiuf_cottage,
          uniq_natasha
D:3:      nicolae_overflow_crystal_walls, lemuel_zombie_altar_yredelemnul,
          kennysheep_slug_shrine
D:4:      marbit_many_paths, minmay_temple_entry_from_below_a, first_ration,
          small_statue_intersection
D:5:      gammafunk_temple_overflow_wave, nemelex_xobeh_ov_fountains_minmay,
          old_standard_altar, tso_oasis_becter, serial_co_window_serial,
          co_window_paths_a, co_window_paths_a, co_window_paths_a,
          co_window_paths_a, co_window_paths_b, co_window_2corner,
          co_window_unsneaky_path_c, co_window_2corner, co_window_paths_c,
          co_window_unsneaky_path_a, glass_columns_a, glass_columns_b,
          glass_columns_c, glass_columns_a, glass_columns_a, minivault_11,
          hangedman_abyss_or_decor_stagger, kb_lookout_dungeons_type,
          cheibrodos_ashenzari_chains, uniq_ijyb
D:6:      lemuel_doored_altar, okawaru_metal_pillars_1_2
D:7:      nicolae_gozag_seed_capital
D:8:      fedhas_altar_2, basic_altar, uniq_psyche, uniq_maurice
D:9:      cheibrodos_ideogram_h, overflow_temple_1_default,
          overflow_temple_1_default, hangedman_pestilent_swarm,
          dk_noncrumbling_2, uniq_erolcha
D:10:     lemuel_ice_statue, lair_entry_dummy, uniq_urug
D:11:     uniq_gastronok
D:12:     serial_shops, shop, portal_ice_cave_entry_ice_beasts, basic_altar,
          lemuel_tele_altar, uniq_frances, uniq_fannar, uniq_kirke
Orc:1:    basic_altar, elves_outpost_lemuel, uniq_nergalle
Orc:2:    pf_orc_diabolical, special_room, serial_shops,
          nicolae_shop_window_shopping

Skill      XL: |  1  2  3  4  5  6  7  8  9 10 11 12 13 14 |
---------------+-------------------------------------------+-----
Fighting       | 1 2 5 7 10 11 | 11.1
Air Magic      | 5 6 7 8 |  8.4
Spellcasting   | 3 4 6 8 |  8.0
Dodging        | 4 9 11 12 | 12.0
Shields        | 4 7 9 11 | 11.1
Evocations     | 6 10 | 10.1
Staves         | 4 |  4.0
Stealth        | |  2.0
Conjurations   | |  1.3

Action                   |  1- 3 |  4- 6 |  7- 9 | 10-12 | 13-15 || total
-------------------------+-------+-------+-------+-------+-------++-------
Melee: Unarmed           |    16 |     1 |    24 |       |       ||    41
       Kick              |     3 |     2 |    25 |    50 |    32 ||   112
       Peck              |     1 |     2 |    14 |    29 |    26 ||    72
       Quarterstaff      |       |    22 |    43 |       |       ||    65
       Short sword       |       |       |    29 |    34 |       ||    63
       Staff             |       |       |       |   200 |   175 ||   375
 Cast: Shock             |    54 |    80 |    70 |       |       ||   204
       Airstrike         |       |     5 |    87 |   356 |   126 ||   574
       Mephitic Cloud    |       |       |     2 |     6 |     1 ||     9
       Lightning Bolt    |       |       |       |    13 |    47 ||    60
       Regeneration      |       |       |       |       |     1 ||     1
 Abil: Fly               |       |       |       |     4 |     4 ||     8
Evoke: Wand              |       |       |     1 |    13 |     1 ||    15
  Use: Scroll            |       |     3 |     2 |    15 |     2 ||    22
       Potion            |       |       |       |     4 |       ||     4
 Stab: Sleeping          |       |     1 |       |       |       ||     1
       Petrified         |       |       |     1 |       |       ||     1
  Eat: Chunk             |     1 |     6 |    22 |    54 |    35 ||   118
       Ration            |       |       |     1 |       |       ||     1
Armor: Robe              |     9 |    11 |    18 |    40 |    38 ||   116
       Skin              |       |       |    13 |    12 |       ||    25
Dodge: Dodged            |    26 |    24 |    90 |   264 |   111 ||   515
Block: Shield            |       |       |       |    70 |   110 ||   180

Table legend:
 A = Spawn XP
 B = Non-spawn XP
 C = Spawn XP percentage of total XP
 D = Spawn monster count
 E = Non-spawn monster count
 F = Spawn count percentage of total count
 G = Total turns spent on level
                    A         B        C        D         E        F      G
               +---------+---------+-------+---------+---------+-------+---------
         Total |       0 |   57448 |   0.0 |       0 |     460 |   0.0 | 20815
               +---------+---------+-------+---------+---------+-------+---------
           D:1 |       0 |      39 |   0.0 |       0 |      22 |   0.0 |   818
           D:2 |       0 |     337 |   0.0 |       0 |      31 |   0.0 |  1306
           D:3 |       0 |     276 |   0.0 |       0 |      29 |   0.0 |   811
           D:4 |       0 |     266 |   0.0 |       0 |      11 |   0.0 |   521
           D:5 |       0 |     606 |   0.0 |       0 |      24 |   0.0 |   873
           D:6 |       0 |     660 |   0.0 |       0 |      17 |   0.0 |  1063
           D:7 |       0 |     854 |   0.0 |       0 |      18 |   0.0 |  1013
           D:8 |       0 |    4018 |   0.0 |       0 |      31 |   0.0 |  1423
           D:9 |       0 |    5497 |   0.0 |       0 |      47 |   0.0 |  2815
          D:10 |       0 |    4286 |   0.0 |       0 |      39 |   0.0 |  1766
          D:11 |       0 |    6336 |   0.0 |       0 |      44 |   0.0 |   954
          D:12 |       0 |    1852 |   0.0 |       0 |      11 |   0.0 |    72
         Orc:1 |       0 |   11555 |   0.0 |       0 |      42 |   0.0 |  2450
         Orc:2 |       0 |   20866 |   0.0 |       0 |      94 |   0.0 |  4930
               +---------+---------+-------+---------+---------+-------+---------
